 Dungeon Crawl Stone Soup version 0.21-a0-67-g3f13d09 (webtiles) character file.

1927 Ijustatesigmund the Sneak (level 9, 0/70 HPs)
             Began as an Octopode Assassin on June 17, 2017.
             Was a Believer of Okawaru.
             Slain by an ogre
             ... wielding a +0 giant club
              (29 damage)
             ... on level 7 of the Dungeon.
             The game lasted 00:15:20 (6695 turns).

Ijustatesigmund the Sneak (Octopode Assassin)       Turns: 6695, Time: 00:15:21

Health: 0/70       AC:  1    Str:  8 (11) XL:     9   Next: 17%
Magic:  12/12      EV: 20    Int: 12 (13) God:    Okawaru [**....]
Gold:   285        SH:  0    Dex: 14 (16) Spells: 8/8 levels left

rFire    . . .     SeeInvis .   a - +2 dagger
rCold    . . .     Gourm    .   (no shield)
rNeg     . . .     Faith    .   (helmet restricted)
rPois    +         Spirit   .   m - amulet of rage
rElec    .         Reflect  .   p - +1 ring of evasion
rCorr    .         Harm     .   (no ring)
MR       .....                  (no ring)
Stlth    ++++++....             (no ring)
HPRegen  0.21/turn              (no ring)
MPRegen  0.13/turn              (no ring)
                                (no ring)
                                (no ring)

@: heroism, flying
A: almost no armour, stealthy swim, amphibious, 8 rings, constrict 8, tentacle
spike 1, camouflage 1, poison resistance, robust 1, wild magic 1, gelatinous
body 1
a: Heroism, Renounce Religion, Evoke Berserk Rage


You were on level 7 of the Dungeon.
You worshipped Okawaru.
Okawaru was pleased with you.
You were hungry.

You visited 2 branches of the dungeon, and saw 8 of its levels.

You collected 354 gold pieces.
You spent 69 gold pieces at shops.

Inventory:

Hand Weapons
 a - a +2 dagger (weapon)
 b - a +1 blowgun
 k - a +1 dagger of pain
 r - a +1 vampiric dagger
Missiles
 c - 25 poisoned needles
 d - 9 curare-tipped needles
 i - 4 needles of sleeping
 u - a javelin (quivered)
Jewellery
 m - an amulet of rage (around mantle)
 p - a +1 ring of evasion (left tentacle)
Scrolls
 e - 5 scrolls of remove curse
 n - 2 scrolls of immolation
 q - a scroll of fog
Potions
 h - 2 potions of brilliance
 j - a potion of curing
 l - a potion of agility
 s - a potion of degeneration
 t - a potion of lignification
Comestibles
 f - 4 bread rations
 g - 3 meat rations
 o - 2 royal jellies
 x - 3 chunks of flesh


   Skills:
 + Level 7.2(12.2) Fighting
 + Level 6.5(11.5) Short Blades
 - Level 2.0(7.0) Throwing
 - Level 4.0(9.0) Dodging
 - Level 7.7(12.7) Stealth
 + Level 4.1 Invocations


You had 8 spell levels left.
You didn't know any spells.

Dungeon Overview and Level Annotations

Branches:
Dungeon (7/15)             Temple (1/1) D:5

Altars:
Ashenzari
Cheibriados
Dithmenos
Elyvilon
Fedhas
Gozag
Hepliaklqana
Kikubaaqudgha
Makhleb
Nemelex Xobeh
Okawaru
Qazlal
Ru
Sif Muna
Trog
Uskayaw
Vehumet
Wu Jian
Xom
Yredelemnul
Zin
The Shining One

Shops:
D:4 *


Innate Abilities, Weirdness & Mutations

You cannot wear most types of armour.
You are very stealthy in the water. (Stealth+)
You are amphibious.
You can wear up to eight rings at the same time.
You can use your tentacles to constrict eight enemies at once.
Your skin changes colour to match your surroundings (Stealth+).
Your rubbery body absorbs attacks. (AC +1, EV +1)
One of your tentacles bears a spike.
Your system is resistant to poisons. (rPois)
You are robust. (+10% HP)
Your spells are a little harder to cast, but a little more powerful.


Message History

The bullfrog misses you.
You feel better.
You are feeling hungry.
The bullfrog barely misses you. The bullfrog hits you.
You hit the bullfrog. You grab the bullfrog. You squeeze the bullfrog.
You kill the bullfrog!
Okawaru accepts your kill. The ogre misses you.
You see here a bullfrog corpse.
You hit the ogre. You squeeze the ogre.
The ogre is moderately wounded.
The ogre barely misses you.
You hit the ogre. You squeeze the ogre.
The ogre is severely wounded.
You hit the ogre.
The ogre is severely wounded.
You hit the ogre.
The ogre is almost dead.
The ogre hits you with a giant club!!
You die...

######### #.......#
#.......###
#.........
##.......##########.
##.....†...O@........
........##.##########
.........#.# ≈...
...........# ..≈..≈
.........### ...≈≈.
.........# ### ......
.........# ... .....≈
.>.......# #.# ....≈.
........######## #.#
....≈.


You could see an ogre.

Vanquished Creatures
  The ghost of Ijustatesigmund the Sneak, an amateur OpAs (D:4)
  2 hungry ghosts
  A water moccasin (D:6)
  A sky beast (D:7)
  2 ogres
  A centaur (D:7)
  3 bullfrogs (D:7)
  A scorpion (D:4)
  A howler monkey (D:4)
  2 crimson imps
  A quasit (D:6)
  2 bullfrog zombies (D:5)
  A hound (D:7)
  A jelly (D:5)
  An orc priest (D:7)
  5 orc wizards
  Natasha (thrice) (D:2)
  An iguana (D:4)
  A worker ant (D:7)
  6 gnolls
  5 adders
  3 shadow imps
  A dart slug (D:1)
  4 leopard geckos
  21 orcs
  7 bats
  4 giant cockroaches
  6 goblins
  5 hobgoblins
  15 jackals
  3 quokkas
  A frilled lizard (D:2)
  5 kobolds
  11 rats
128 creatures vanquished.

Notes
Turn   | Place    | Note
-------+----------+-------------------------------------------
     0 | D:1      | Ijustatesigmund the Octopode Assassin began the quest for the Orb.
     0 | D:1      | Reached XP level 1. HP: 14/14 MP: 1/1
   284 | D:1      | Reached XP level 2. HP: 16/20 MP: 2/2
   819 | D:1      | Reached XP level 3. HP: 21/25 MP: 3/3
  1142 | D:2      | Noticed Natasha
  1145 | D:2      | Killed Natasha
  1162 | D:2      | Reached XP level 4. HP: 31/31 MP: 4/4
  1224 | D:2      | Noticed Natasha
  1231 | D:2      | Killed Natasha
  1359 | D:2      | Found a faded altar of an unknown god.
  1377 | D:2      | Noticed Natasha
  1383 | D:2      | Killed Natasha
  1383 | D:2      | Reached XP level 5. HP: 20/37 MP: 5/5
  2567 | D:3      | Found a sacrificial altar of Ru.
  2567 | D:3      | Found an ancient bone altar of Kikubaaqudgha.
  2570 | D:3      | Found a radiant altar of Vehumet.
  2571 | D:3      | Found a stormy altar of Qazlal.
  2655 | D:3      | Reached XP level 6. HP: 25/44 MP: 6/6
  3281 | D:4      | Found a shimmering altar of Xom.
  3282 | D:4      | Found a shimmering altar of Xom.
  3282 | D:4      | Found a shimmering altar of Xom.
  3282 | D:4      | Found a shimmering altar of Xom.
  3293 | D:4      | Found a shimmering altar of Xom.
  3296 | D:4      | Found a shimmering altar of Xom.
  3296 | D:4      | Found a shimmering altar of Xom.
  3359 | D:4      | Noticed Ijustatesigmund's ghost (amateur OpAs)
  3362 | D:4      | Got a smoking dagger
  3372 | D:4      | Identified the +5 dagger of Qut Dai {antimagic, *Contam *Rage MP+9 Str+8} (You found it on level 4 of the Dungeon)
  3397 | D:4      | Killed Ijustatesigmund's ghost
  3397 | D:4      | Reached XP level 7. HP: 49/49 MP: 5/7
  3631 | D:4      | Gained mutation: You are clumsy. (Dex -2) [mutagenic glow]
  3818 | D:4      | Lost mutation: You are clumsy. (Dex -2) [potion of mutation]
  3818 | D:4      | Gained mutation: One of your tentacles bears a spike. [potion of mutation]
  3818 | D:4      | Gained mutation: Your system is resistant to poisons. (rPois) [potion of mutation]
  3818 | D:4      | Gained mutation: Your spells are a little harder to cast, but a little more powerful. [potion of mutation]
  3818 | D:4      | Gained mutation: You are robust. (+10% HP) [potion of mutation]
  3958 | D:4      | Found Fuces's Assorted Antiques.
  4118 | D:4      | Bought a scroll of identify for 48 gold pieces
  4118 | D:4      | Bought a bubbling pink potion for 21 gold pieces
  4381 | D:5      | Entered Level 5 of the Dungeon
  4385 | D:5      | Found a staircase to the Ecumenical Temple.
  4391 | Temple   | Entered the Ecumenical Temple
  4407 | Temple   | Became a worshipper of Warmaster Okawaru
  4531 | D:5      | Found a shattered altar of Ashenzari.
  4586 | D:5      | Reached skill level 5 in Fighting
  4587 | D:5      | Found a hide-covered altar of Uskayaw.
  5040 | D:5      | Reached XP level 8. HP: 60/61 MP: 8/8
  5248 | D:6      | Found a glowing silver altar of Zin.
  5375 | D:6      | Found an ornate altar of the Wu Jian Council.
  5387 | D:6      | Reached skill level 5 in Short Blades
  5492 | D:6      | Reached * piety under Okawaru
  5717 | D:6      | Reached skill level 1 in Invocations
  6601 | D:7      | Reached XP level 9. HP: 69/69 MP: 11/11
  6625 | D:7      | Reached ** piety under Okawaru
  6695 | D:7      | Slain by an ogre

Vault maps used:
D:1:      minmay_arrival_stone_box, minmay_misc_feat_x
D:2:      chequers_ecumenical_altar_twisty, glass_columns_a, uniq_natasha
D:3:      minitemple, first_bread
D:4:      serial_shops, nicolae_shop_stone, nicolae_xom_altar_mimics
D:5:      minmay_temple_entry_glassed_door, hangedman_feature_mirror
D:6:      minmay_cornered_nines, zin_academy, overflow_temple_1_default,
          serial_bayou_pond_b, kennysheep_generic_room_12
D:7:      cheibrodos_helix_gallery
Temple:   nicolae_temple_elliptical

Skill      XL: |  1  2  3  4  5  6  7  8  9 |
---------------+----------------------------+-----
Fighting       | 3 4 5 6 7 |  7.2
Short Blades   | 3 4 6 |  6.5
Dodging        | 2 4 |  4.0
Stealth        | 6 7 |  7.7
Invocations    | 3 4 |  4.1
Throwing       | |  2.0

Action                   |  1- 3 |  4- 6 |  7- 9 || total
-------------------------+-------+-------+-------++-------
Melee: Dagger            |    57 |   130 |   191 ||   378
       Tentacles         |     6 |    23 |    38 ||    67
       Constrict         |     9 |    31 |    32 ||    72
       Kick              |       |       |    48 ||    48
 Fire: Blowgun           |       |     3 |     6 ||     9
Throw: Javelin           |       |     4 |     4 ||     8
Invok: Heroism           |       |       |     2 ||     2
  Use: Scroll            |       |     6 |     9 ||    15
       Potion            |       |     2 |    12 ||    14
 Stab: Sleeping          |     7 |     7 |     8 ||    22
  Eat: Chunk             |     1 |     6 |    14 ||    21
       Bread ration      |       |       |     1 ||     1
       Meat ration       |       |       |     1 ||     1
Armor: Skin              |     2 |    10 |    15 ||    27
Dodge: Dodged            |    30 |    62 |   135 ||   227
